 Dungeon Crawl Stone Soup version 0.22.1 (webtiles) character file.

144 Korosensei the Sneak (level 5, -4/34 HPs)
             Began as an Octopode Assassin on Sept 18, 2018.
             Slain by Terence
             ... wielding a +3 hand axe of chopping
              (6 damage)
             ... on level 3 of the Dungeon.
             The game lasted 00:03:37 (1902 turns).

Korosensei the Sneak (Octopode Assassin)            Turns: 1902, Time: 00:03:38

Health: -4/34      AC:  1    Str: 10    XL:     5   Next: 27%
Magic:  5/5        EV: 13    Int: 14    God:
Gold:   132        SH:  0    Dex: 14    Spells: 4/4 levels left

rFire    . . .     SeeInvis .   a - +2 dagger
rCold    . . .     Gourm    .   (no shield)
rNeg     . . .     Faith    .   (helmet restricted)
rPois    .         Spirit   .   (no amulet)
rElec    .         Reflect  .   (no ring)
rCorr    .         Harm     .   (no ring)
MR       .....                  (no ring)
Stlth    ++++......             (no ring)
HPRegen  0.11/turn              (no ring)
MPRegen  0.09/turn              (no ring)
                                (no ring)
                                (no ring)

@: constricted
A: almost no armour, stealthy swim, amphibious, 8 rings, constrict 8, camouflage
1, gelatinous body 1
a: no special abilities


You were on level 3 of the Dungeon.
You were not hungry.

You visited 1 branch of the dungeon, and saw 3 of its levels.

You collected 132 gold pieces.

Inventory:

Hand Weapons
 a - a +2 dagger (weapon)
 b - a +0 blowgun
Missiles
 c - 22 poisoned needles
 d - 2 curare-tipped needles
Jewellery
 p - an uncursed ring of ice {unknown}
Scrolls
 e - 2 scrolls of random uselessness {unknown}
 g - 4 scrolls of identify {unknown}
 h - 3 scrolls of remove curse {unknown}
 i - 2 scrolls of fog {unknown}
 k - a scroll of teleportation {unknown}
 o - a scroll of immolation {unknown}
 q - 2 scrolls of enchant weapon {unknown}
Potions
 j - a potion of magic {unknown}
 l - 3 potions of flight {unknown}
 m - 2 potions of heal wounds {unknown}
 n - a potion of curing {unknown}
Comestibles
 f - 8 rations
 r - 5 chunks of flesh


   Skills:
 - Level 2.0 Fighting
 - Level 2.0 Short Blades
 - Level 2.0 Throwing
 + Level 5.0 Dodging
 - Level 5.3 Stealth


You had 4 spell levels left.
You didn't know any spells.
Your spell library was empty.

Dungeon Overview and Level Annotations

Branches:
Dungeon (3/15)

Altars:

Annotations:
D:2 exclusion: downstairs
D:3 Terence


Innate Abilities, Weirdness & Mutations

You cannot wear most types of armour.
You are very stealthy in the water. (Stealth+)
You are amphibious.
You can wear up to eight rings at the same time.
You can use your tentacles to constrict eight enemies at once.
Your skin changes colour to match your surroundings (Stealth+).
Your rubbery body absorbs attacks. (AC +1, EV +1)


Message History

The ball python bites you. The ball python barely misses you.
You hit Terence but do no damage.
Terence is severely wounded.
You constrict Terence. Terence barely misses you.
The ball python closely misses you. The ball python grabs you.
The ball python constricts you.
Terence hits you with a hand axe of chopping!
* * * LOW HITPOINT WARNING * * *
x2 You hit Terence but do no damage.
Terence is almost dead.
You constrict Terence. The ball python barely misses you.
* * * LOW HITPOINT WARNING * * *
The ball python constricts you.
Terence hits you with a hand axe of chopping.
* * * LOW HITPOINT WARNING * * *
x2 You hit Terence but do no damage.
Terence is almost dead.
You constrict Terence, but do no damage.
Terence hits you with a hand axe of chopping.
You die...

#.# ##'####..
#.# #.# #.#
###.# #.# #...#
#.# #.### ###
#.# #.##### .
#.....#.§≈§
##.@....§≈§
<......S@..)§.§
....##.........
... ####......
. ≈..... §§....
....§ .....


You could see Terence (berserk) and a ball python.

Vanquished Creatures
  A worker ant (D:3)
  Robin (D:3)
  2 gnolls
  3 adders
  An ooze (D:1)
  A worm (D:3)
  A leopard gecko (D:1)
  2 orcs (D:3)
  A ball python (D:2)
  A bat (D:2)
  3 giant cockroaches
  12 goblins
  8 hobgoblins
  5 jackals
  4 frilled lizards
  4 kobolds
  4 rats
54 creatures vanquished.

Notes
Turn   | Place    | Note
-------+----------+-------------------------------------------
     0 | D:1      | Korosensei the Octopode Assassin began the quest for the
                  | Orb.
     0 | D:1      | Reached XP level 1. HP: 14/14 MP: 1/1
   194 | D:1      | Reached XP level 2. HP: 19/19 MP: 2/2
   328 | D:1      | You fall through a shaft!
   624 | D:2      | You fall through a shaft!
   627 | D:3      | Reached XP level 3. HP: 23/24 MP: 3/3
   888 | D:3      | Reached XP level 4. HP: 29/29 MP: 4/4
  1589 | D:3      | Reached XP level 5. HP: 34/34 MP: 5/5
  1664 | D:3      | Noticed Robin
  1684 | D:3      | Killed Robin
  1790 | D:3      | Reached skill level 5 in Dodging
  1889 | D:3      | Noticed Terence
  1902 | D:3      | Slain by Terence

Skill      XL: |  1  2  3  4  5 |
---------------+----------------+-----
Dodging        | 2 3 4 5 |  5.0
Fighting       | |  2.0
Short Blades   | |  2.0
Throwing       | |  2.0
Stealth        | |  5.3

Action                   |  1- 3 |  4- 6 || total
-------------------------+-------+-------++-------
Melee: Dagger            |    38 |    68 ||   106
       Tentacles         |     4 |     7 ||    11
       Constrict         |     3 |    19 ||    22
 Stab: Sleeping          |    21 |     4 ||    25
  Eat: Chunk             |       |     3 ||     3
Armor: Skin              |     3 |     1 ||     4
Dodge: Dodged            |    17 |    53 ||    70
